cohdb
Replays
Latest Replays
All Replays
Popular Replays
Top Player Replays
Match Explorer
How It Works
Community
CoH3 Stats
Reddit
Sign in to upload your games and track your stats! →
Sign in with Steam
Match 42888812
Unlisted
Match 42888812
Overview
Messages
Build Orders
End
Construct Section Command Post
Royal Engineer Section
Infantry Section
Infantry Section
Dingo Light Scout Car
Infantry Section
Dingo Light Scout Car
Royal Engineer Section
Construct Platoon Command Post
Construct Field Infirmary
Construct Company Command Post
Greszko
Fajolada
0
0
Comments
sign in to comment!
No comments posted yet!